 Dungeon Crawl Stone Soup version 0.29.1-1-gd02db6906a (webtiles) character file.

Game seed: 9568803794190758392

34 inmateoo the Slasher (level 3, 0/22 HPs)
             Began as a Tengu Gladiator on Sept 24, 2022.
             Slain by a worm (10 damage)
             ... on level 2 of the Dungeon.
             The game lasted 00:00:58 (1659 turns).

inmateoo the Slasher (Tengu Gladiator)              Turns: 1659, Time: 00:00:58

Health: 0/22       AC:  3    Str: 14    XL:     3   Next: 31%
Magic:  4/4        EV: 13    Int:  8    God:
Gold:   88         SH:  0    Dex: 17    Spells: 2/2 levels left

rFire   . . .      SeeInvis .   a - +0 long sword
rCold   . . .      Faith    .   (no shield)
rNeg    . . .      Spirit   .   b - +0 leather armour
rPois   .          Reflect  .   c - +0 hat
rElec   .          Harm     .   (no cloak)
rCorr   +          Rampage  .   (no gloves)
Will    .....                   (boots unavailable)
Stlth   +.........              (no amulet)
HPRegen 0.07/turn               f - ring of resist corrosion
MPRegen 0.09/turn               (no ring)

@: no status effects
A: beak, talons 3
a: no special abilities


You were on level 2 of the Dungeon.
You visited 1 branch of the dungeon, and saw 2 of its levels.

You collected 88 gold pieces.

Inventory:

Hand Weapons
 a - a +0 long sword (weapon)
Missiles
 d - 3 throwing nets (quivered)
 e - a javelin
 h - 9 poisoned darts
Armour
 b - a +0 leather armour (worn)
 c - a +0 hat (worn)
Jewellery
 f - a ring of resist corrosion (left hand)
 m - a ring of protection from cold
Scrolls
 g - a scroll of vulnerability {unknown}
 j - a scroll of teleportation {unknown}
 n - a scroll of enchant armour {unknown}
Potions
 i - a potion of haste {unknown}
 k - a potion of might {unknown}
 l - a potion of cancellation {unknown}


   Skills:
 + Level 2.4 Fighting
 * Level 4.1 Long Blades
 - Level 2.0 Throwing
 + Level 3.6 Dodging


You had 2 spell levels left.
You didn't know any spells.
Your spell library was empty.

Dungeon Overview and Level Annotations

Branches:
Dungeon (2/15)

Altars:


Innate Abilities, Weirdness & Mutations

You have a beak for a mouth.
You have claws for feet.


Message History

You hit the giant cockroach. Your kick misses the giant cockroach.
The giant cockroach is almost dead.
The giant cockroach bites you. The giant cockroach misses you.
A giant cockroach is nearby!
You slash the giant cockroach!
You kill the giant cockroach!
You see here a giant cockroach corpse.
Found a stone staircase leading down.
No target in view!
n - a scroll labelled GUREITZOYRAI No target in view!
Found a stone staircase leading down.
No target in view!
A hobgoblin comes into view.
The hobgoblin shouts!
You hear an angry hiss.
A hobgoblin is nearby!
A hobgoblin is nearby!
You hit the hobgoblin. You peck the hobgoblin.
You kill the hobgoblin!
No target in view!
A worm comes into view.
A bat comes into view.
The worm moves out of view.
There are monsters nearby!
You completely miss the bat. Your kick misses the bat.
The bat completely misses you.
There are monsters nearby!
The bat barely misses you. The worm bites you!
You barely miss the worm. Your peck misses the worm. You barely miss the worm.
You claw the worm, but do no damage. You peck the worm.
The worm is lightly wounded.
The worm bites you.
You are too injured to fight recklessly!
You are too injured to fight recklessly!
You barely miss the worm. You claw the worm.
The worm is lightly wounded.
A frilled lizard comes into view.
The worm bites you!
You die...

#. #.. #.# #.# #.# .
#.# ... #.#####....#
#...@wb....#
###########l####.....#
#............# .>...#
#.#########..# .#...#
#.# #..###.#...# ##.##
#..........# #...#
#..........# ##.#.###
####.####.#
...#...#### ##.##


You could see a worm, a bat and a frilled lizard (wandering).

Vanquished Creatures
  A worm (D:2)
  2 dart slugs (D:1)
  2 endoplasms (D:1)
  3 giant cockroaches
  A goblin (D:1)
  2 hobgoblins
  4 jackals (D:1)
  2 ball pythons (D:1)
  2 bats
  A frilled lizard (D:1)
  2 kobolds
  3 rats (D:1)
25 creatures vanquished.

Notes
Turn   | Place    | Note
-------+----------+-------------------------------------------
     0 | D:1      | inmateoo the Tengu Gladiator began the quest for the Orb.
     0 | D:1      | Reached XP level 1. HP: 12/12 MP: 2/2
   360 | D:1      | Reached XP level 2. HP: 10/17 MP: 3/3
   882 | D:1      | Reached skill level 4 in Long Blades
   882 | D:1      | Reached XP level 3. HP: 21/22 MP: 4/4
  1659 | D:2      | Slain by a worm

Illustrated notes

Levels and vault maps discovered:
D:1:      giann_forest_graveyard, layout_loops_corners, serial_rivers,
          chequers_serial_rivers_large_a, chequers_serial_rivers_room_a,
          chequers_serial_rivers_micro_d, chequers_serial_rivers_marsh
D:2:      layout_loops_ring, shapermc_ecumenical_altar_mp_highgroup

Skill      XL: |  1  2 |
---------------+-------+-----
Long Blades    | 4 |  4.1
Fighting       | |  2.4
Throwing       | |  2.0
Dodging        | |  3.6

Action                   || total
-------------------------++-------
Melee: Long sword        ||    55
       Kick              ||    12
       Peck              ||     8
  Use: Scroll            ||     1
 Stab: Sleeping          ||     1
Armor: Leather armour    ||    11
Dodge: Dodged            ||    40
